 Dungeon Crawl Stone Soup version 0.21-a0-272-g984ae92 (webtiles) character file.

1043 peerless the Cudgeler (level 8, -2/55 HPs)
             Began as an Octopode Fighter on Sept 14, 2017.
             Was an Initiate of Gozag.
             Slain by a phantom (7 damage)
             ... on level 6 of the Dungeon on Sept 15, 2017.
             The game lasted 00:05:35 (4896 turns).

peerless the Cudgeler (Octopode Fighter)            Turns: 4896, Time: 00:05:36

Health: -2/55      AC:  1    Str: 17    XL:     8   Next: 25%
Magic:  8/8        EV: 13    Int: 11    God:    Gozag
Gold:   212        SH:  9    Dex: 11    Spells: 7/7 levels left

rFire    + . .     SeeInvis .   a - +0 flail
rCold    . . .     Gourm    .   b - +0 shield
rNeg     . . .     Faith    .   (helmet restricted)
rPois    .         Spirit   .   (no amulet)
rElec    .         Reflect  .   u - ring of protection from fire
rCorr    .         Harm     .   (no ring)
MR       .....                  (no ring)
Stlth    ++........             (no ring)
HPRegen  0.18/turn              (no ring)
MPRegen  0.11/turn              (no ring)
                                (no ring)
                                (no ring)

@: no status effects
A: almost no armour, stealthy swim, amphibious, 8 rings, constrict 8, camouflage
1, gelatinous body 1
a: Potion Petition, Call Merchant, Bribe Branch, Renounce Religion


You were on level 6 of the Dungeon.
You worshipped Gozag.
Gozag was aware of your devotion.
You were not hungry.

You visited 2 branches of the dungeon, and saw 7 of its levels.

You collected 251 gold pieces.
You paid 39 gold pieces to Gozag.

Inventory:

Hand Weapons
 a - a +0 flail (weapon)
Missiles
 q - 144 stones (quivered)
 s - a throwing net
Armour
 b - a +0 shield (worn)
Jewellery
 u - a ring of protection from fire (left tentacle)
Wands
 n - a wand of flame (17/48)
Scrolls
 f - a scroll of fog {unknown}
 g - 3 scrolls of teleportation {unknown}
 j - a scroll of enchant weapon {unknown}
 k - 5 scrolls of identify
 l - 3 scrolls of remove curse {unknown}
 m - 2 scrolls of magic mapping {unknown}
 o - a scroll of immolation {unknown}
 p - 2 scrolls of amnesia {unknown}
 v - a scroll of fear {unknown}
Potions
 c - a potion of might
 e - 3 potions of lignification
 h - 4 potions of haste
 i - a potion of heal wounds
 t - a potion of flight
 x - a potion of berserk rage {unknown}
Comestibles
 d - 5 bread rations
 r - 2 meat rations


   Skills:
 + Level 5.1 Fighting
 * Level 6.2 Maces & Flails
 + Level 5.0 Dodging
 + Level 5.1 Shields


You had 7 spell levels left.
You didn't know any spells.

Dungeon Overview and Level Annotations

Branches:
Dungeon (6/15)             Temple (1/1) D:4

Altars:
Ashenzari
Cheibriados
Dithmenos
Elyvilon
Fedhas
Gozag
Hepliaklqana
Makhleb
Nemelex Xobeh
Okawaru
Qazlal
Ru
Sif Muna
Trog
Uskayaw
Vehumet
Wu Jian
Xom
Yredelemnul
Zin
The Shining One


Innate Abilities, Weirdness & Mutations

You cannot wear most types of armour.
You are very stealthy in the water. (Stealth+)
You are amphibious.
You can wear up to eight rings at the same time.
You can use your tentacles to constrict eight enemies at once.
Your skin changes colour to match your surroundings (Stealth+).
Your rubbery body absorbs attacks. (AC +1, EV +1)


Message History

You hit the phantom but do no damage.
The phantom is heavily damaged.
The phantom hits you!
* * * LOW HITPOINT WARNING * * *
The phantom hits you.
* * * LOW HITPOINT WARNING * * *
There is a stone staircase leading down here.
The phantom misses you.
You climb downwards.
Found a dire flail.
There is a stone staircase leading up here.
You miss the phantom.
The phantom is heavily damaged.
The phantom hits you!
* * * LOW HITPOINT WARNING * * *
You hit the phantom.
The phantom is heavily damaged.
The phantom hits you!
You die...
Your body crumbles into a pile of gold. # ####.##.# #W@....)# #.##.#### #. # #. #. #. #. #.

You could see a phantom.

Vanquished Creatures
  Grinder (D:4)
  Eustachio (D:4)
  Duvessa (D:4)
  An ogre (D:4)
  Blork the orc (D:4)
  Dowan (D:4)
  2 howler monkeys
  2 crimson imps (D:5)
  A bullfrog zombie (D:3)
  A hound (D:5)
  An iguana (D:3)
  A worker ant zombie (D:4)
  A howler monkey skeleton (D:5)
  7 adders
  A shadow imp (D:5)
  2 adder skeletons (D:4)
  A worm (D:4)
  4 dart slugs
  2 leopard geckos
  3 orcs
  6 bats
  10 giant cockroaches
  6 goblins
  7 hobgoblins
  6 jackals
  2 ball pythons
  4 frilled lizards
  4 kobolds
  2 quokka zombies (D:5)
  5 rats
87 creatures vanquished.

Notes
Turn   | Place    | Note
-------+----------+-------------------------------------------
     0 | D:1      | peerless the Octopode Fighter began the quest for the Orb.
     0 | D:1      | Reached XP level 1. HP: 16/16 MP: 1/1
    61 | D:1      | Reached XP level 2. HP: 21/21 MP: 2/2
   300 | D:1      | Reached XP level 3. HP: 24/26 MP: 3/3
   684 | D:2      | Found an ornate altar of the Wu Jian Council.
   782 | D:2      | Found a radiant altar of Vehumet.
   794 | D:2      | Reached skill level 3 in Maces & Flails
   992 | D:2      | Reached XP level 4. HP: 28/31 MP: 4/4
  1321 | D:2      | Found a white marble altar of Elyvilon.
  2053 | D:3      | Reached XP level 5. HP: 23/36 MP: 5/5
  2534 | D:4      | Noticed an ogre
  2541 | D:4      | Killed an ogre
  2541 | D:4      | Reached skill level 4 in Maces & Flails
  2541 | D:4      | Reached XP level 6. HP: 18/43 MP: 6/6
  2834 | D:4      | Noticed Eustachio
  2844 | D:4      | Killed Eustachio
  3107 | D:4      | Found a staircase to the Ecumenical Temple.
  3136 | D:4      | Noticed Grinder
  3141 | D:4      | Killed Grinder
  3141 | D:4      | Reached skill level 5 in Maces & Flails
  3141 | D:4      | Reached XP level 7. HP: 24/49 MP: 7/7
  3407 | Temple   | Entered the Ecumenical Temple
  3543 | Temple   | Became a worshipper of Gozag Ym Sagoz the Greedy
  3569 | D:4      | Noticed Blork the orc
  3580 | D:4      | Killed Blork the orc
  3755 | D:4      | Noticed Duvessa
  3755 | D:4      | Noticed Dowan
  3760 | D:4      | Killed Duvessa
  3769 | D:4      | Killed Dowan
  3785 | D:4      | Reached XP level 8. HP: 39/54 MP: 8/8
  3819 | D:4      | Reached skill level 5 in Shields
  3979 | D:4      | Found a radiant altar of Vehumet.
  3987 | D:4      | Reached skill level 6 in Maces & Flails
  4058 | D:4      | Found a stormy altar of Qazlal.
  4058 | D:4      | Found a basalt altar of Yredelemnul.
  4156 | D:5      | Entered Level 5 of the Dungeon
  4217 | D:5      | Reached skill level 5 in Fighting
  4249 | D:5      | Upgraded the game from 0.21-a0-270-g8204059 to 0.21-a0-272-g984ae92
  4274 | D:5      | Reached skill level 5 in Dodging
  4896 | D:6      | Slain by a phantom

Vault maps used:
D:1:      saegor_arrival_simple_e, fountainhead
D:2:      vehumet_crystals, marbit_many_paths, old_standard_altar,
          minmay_misc_feat_columns
D:3:      first_bread, kennysheep_small_spiral
D:4:      gammafunk_temple_overflow_elements, temple_fountains, serial_forest,
          infiniplex_forest_clump_cross, infiniplex_forest_clump_large,
          infiniplex_forest_lined_3, infiniplex_forest_fountain,
          infiniplex_forest_corner_1, infiniplex_forest_straight_4,
          infiniplex_forest_straight_3, infiniplex_forest_lined_3_way,
          kennysheep_diamond, hangedman_decor_riveting, uniq_duvessa,
          uniq_grinder, uniq_blork_the_orc, uniq_eustachio
D:5:      lemuel_ratsnest, uniq_sigmund
D:6:      minmay_goblin_kobold_castle, lemuel_doored_altar, uniq_pikel
Temple:   eino_temple_rhombus

Skill      XL: |  1  2  3  4  5  6  7  8 |
---------------+-------------------------+-----
Maces & Flails | 3 4 5 6 |  6.2
Dodging        | 4 5 |  5.0
Shields        | 4 5 |  5.1
Fighting       | 4 5 |  5.1

Action                   |  1- 3 |  4- 6 |  7- 9 || total
-------------------------+-------+-------+-------++-------
Melee: Flail             |    68 |    83 |   115 ||   266
       Constrict         |    20 |    18 |    16 ||    54
       Tentacles         |     9 |    14 |    16 ||    39
  Use: Scroll            |       |     4 |       ||     4
       Potion            |       |       |     2 ||     2
 Stab: Sleeping          |     8 |     5 |     2 ||    15
  Eat: Chunk             |       |     7 |     2 ||     9
       Bread ration      |       |       |     1 ||     1
Armor: Skin              |    10 |     3 |     2 ||    15
Dodge: Dodged            |    25 |    30 |    43 ||    98
Block: Shield            |    34 |    42 |    46 ||   122

Table legend:
 A = Spawn XP
 B = Non-spawn XP
 C = Spawn XP percentage of total XP
 D = Spawn monster count
 E = Non-spawn monster count
 F = Spawn count percentage of total count
 G = Total turns spent on level
                    A         B        C        D         E        F      G
               +---------+---------+-------+---------+---------+-------+---------
         Total |       0 |    1490 |   0.0 |       0 |      87 |   0.0 |  4896
               +---------+---------+-------+---------+---------+-------+---------
           D:1 |       0 |      45 |   0.0 |       0 |      23 |   0.0 |   662
           D:2 |       0 |      47 |   0.0 |       0 |      13 |   0.0 |   944
           D:3 |       0 |     128 |   0.0 |       0 |      21 |   0.0 |   823
           D:4 |       0 |    1051 |   0.0 |       0 |      21 |   0.0 |  1887
           D:5 |       0 |     219 |   0.0 |       0 |       9 |   0.0 |   425
               +---------+---------+-------+---------+---------+-------+---------
